 Dungeon Crawl Stone Soup version 0.30-a0-40-gc6d0f036a7 (webtiles) character file.

Game seed: 12944011730484180812

5387 SensoryNuts the Severer (level 10, -6/85 (86) HPs)
             Began as a Hill Orc Fighter on Aug 29, 2022.
             Mangled by an efreet
             ... wielding a +3 scimitar of flaming
              (11 damage)
             ... on level 9 of the Dungeon.
             The game lasted 00:09:03 (10002 turns).

SensoryNuts the Severer (Hill Orc Fighter)         Turns: 10002, Time: 00:09:04

HP:   -6/85 (86)    AC: 18    Str: 24    XL:     10   Next: 66%
MP:   10/10         EV:  6    Int:  8    God:
Gold: 684           SH:  9    Dex: 10    Spells: 9/9 levels left

rFire   . . .      SeeInvis .    a - +2 war axe (flame)
rCold   . . .      Faith    .    B - +0 kite shield
rNeg    + . .      Spirit   .    o - +4 plate armour of the Armadillo {-Tele rN+ Stlth+}
rPois   .          Reflect  .    (no helmet)
rElec   .          Harm     .    n - +0 cloak
rCorr   .          Rampage  .    (no gloves)
Will    .....      NoTele   +    (no boots)
Stlth   ..........               (no amulet)
HPRegen 0.24/turn                m - ring of flight
MPRegen 0.12/turn                (no ring)

@: flying, hasted, lightly drained, very quick
A: deterioration 1
a: no special abilities


You were on level 9 of the Dungeon.
You visited 2 branches of the dungeon, and saw 10 of its levels.
You also visited: Sewer.

You collected 684 gold pieces.

Inventory:

Hand Weapons
 a - a +2 war axe of flaming (weapon)
Armour
 n - a +0 cloak (worn)
 o - the +4 plate armour of the Armadillo (worn) {-Tele rN+ Stlth+}
   (You found it on level 3 of the Dungeon)

   rN:        It protects you from negative energy.
   -Tele:     It prevents most forms of teleportation.
   Stlth:     It makes you more stealthy.
 B - a +0 kite shield (worn)
Jewellery
 k - an amulet of faith
 m - a ring of flight (left hand)
 v - a ring of wizardry
Wands
 d - a wand of flame (50) (quivered)
 q - a wand of paralysis (22)
 t - a wand of polymorph (6)
 y - a wand of iceblast (12)
Scrolls
 f - 5 scrolls of vulnerability
 s - a scroll of butterflies
Potions
 b - 2 potions of brilliance
 c - 2 potions of berserk rage
 e - 9 potions of flight
 g - a potion of mutation
 h - 5 potions of degeneration
 i - 2 potions of magic
 j - a potion of cancellation
 l - a potion of curing
 p - a potion of invisibility
 x - 4 potions of haste
 A - a potion of resistance


   Skills:
 + Level 7.4 Fighting
 * Level 15.6 Axes
 + Level 7.7 Armour
 + Level 1.5 Dodging
 + Level 1.0 Stealth
 + Level 5.7 Shields
 + Level 0.2 Evocations


You had 9 spell levels left.
You didn't know any spells.
Your spell library contained the following spells:

 Spells                   Type           Power      Damage    Failure   Level
 Ensorcelled Hibernation  Hex/Ice        0%         N/A       100%        2
 Passwall                 Tmut/Erth      0%         N/A       100%        2
 Frozen Ramparts          Ice            0%         1d1       100%        3
 Portal Projectile        Hex/Tloc       0%         N/A       100%        3
 Spider Form              Tmut/Pois      0%         N/A       100%        3
 Anguish                  Hex/Necr       0%         N/A       100%        4
 Ice Form                 Ice/Tmut       0%         N/A       100%        4
 Summon Ice Beast         Ice/Summ       0%         N/A       100%        4
 Eringya's Noxious Bog    Tmut/Pois      0%         N/A       100%        6
 Chain Lightning          Conj/Air       0%         N/A       100%        9


Dungeon Overview and Level Annotations

Branches:
Dungeon (9/15)             Temple (1/1) D:6           Sewer (visited)
   Lair: D:8-11         Orc: D:9-12

Altars:
Ashenzari
Cheibriados
Dithmenos
Elyvilon
Fedhas
Hepliaklqana
Kikubaaqudgha
Makhleb
Nemelex Xobeh
Okawaru
Qazlal
Ru
Sif Muna
Trog
Uskayaw
Vehumet
Wu Jian
Xom
Yredelemnul
Zin
The Shining One

Shops:
D:7 [

Portals:
Abyss: D:4

Annotations:
D:4 2 transporters, Daxter's ghost, weakling MiGl


Innate Abilities, Weirdness & Mutations

Your body sometimes deteriorates upon taking damage.


Message History

You completely miss the howler monkey.
The howler monkey is heavily wounded.
The howler monkey barely misses you.
You slash the howler monkey! You burn the howler monkey.
You kill the howler monkey!
The centaur shoots an arrow.
You block the arrow.
The centaur unwields a +0 shortbow.
The centaur hits you but does no damage.
You block the centaur's attack.
Things that are here:
a +5 hand axe; a +0 robe You feel better.
You block the centaur's attack.
The centaur kicks you but does no damage.
You hit the centaur. You burn the centaur.
The centaur is lightly wounded.
You block the centaur's attack.
The centaur kicks you but does no damage.
You slash the centaur! You burn the centaur.
The centaur is almost dead.
You hit the centaur. You burn the centaur.
You kill the centaur!
The efreet gestures at you.
The fireball explodes!
The fireball engulfs you!!
* * * LOW HITPOINT WARNING * * *
You block the efreet's attack.
You see here a +0 shortbow.
You hit the efreet.
The efreet is lightly wounded.
You slash the efreet!
The efreet is moderately wounded.
The efreet gestures at you.
The fireball explodes!
The fireball engulfs you!
* * * LOW HITPOINT WARNING * * *
The fireball engulfs the efreet.
The efreet completely resists.
Okay, then.
Okay, then.
Okay, then.
You feel as though your hastened speed will last longer.
The efreet hits you with a +3 scimitar of flaming!
You die...

#.# ####....##.......##.##.
#.# #......................
#### ########......#..##.##.
#.)#++# .# #####.....##....
#$#○...#[# #<.....#####.
#^.°○..############.#...####.
+......'............#........
+......'[.###########..#####.
#......##..R@).# #..# ###
#(#..c.#)#.####.# #..# #..
#.!#++# .### #.# #..####.#
### ## #.# #........ #.#
##.####.# #.# #.# #..
#.#######.# #.# #.........#
#.# #.######### #.#


You could see an efreet.

Vanquished Creatures
  A two-headed ogre (D:8)
  Pikel (D:8)
  Sigmund (D:2)
  4 yaks (D:9)
  A wyvern (D:8)
  Edmund (D:4)
  A water moccasin (D:5)
  Duvessa (D:4)
  2 orc warriors
  An ice beast (D:6)
  2 ogres
  2 centaurs
  4 phantoms
  2 lemures (D:8)
  A necrophage (D:5)
  A kobold brigand (D:8)
  2 bullfrogs (D:7)
  9 wights
  Dowan (D:4)
  3 killer bees (D:7)
  2 howler monkeys
  A centaur zombie (D:5)
  A human zombie (D:5)
  2 jellies
  4 hounds
  Crazy Yiuf (D:4)
  5 orc priests
  A scorpion zombie (D:5)
  5 iguanas
  9 orc wizards
  Natasha (twice) (D:2)
  A killer bee zombie (D:5)
  A hound zombie (D:5)
  2 mummies (D:5)
  Robin (D:2)
  10 adders
  3 gnolls (D:7)
  3 river rats (Sewer)
  3 white imps (D:6)
  An ufetubus (D:6)
  An adder zombie (D:5)
  2 worms
  2 dart slugs
  41 orcs
  13 bats
  3 endoplasms
  2 giant cockroaches
  15 goblins
  6 hobgoblins
  7 jackals
  11 kobolds
  4 quokkas
  11 ball pythons
  6 frilled lizards
  4 rats
227 creatures vanquished.

Notes
Turn   | Place    | Note
-------+----------+-------------------------------------------
     0 | D:1      | SensoryNuts the Hill Orc Fighter began the quest for the
                  | Orb.
     0 | D:1      | Reached XP level 1. HP: 19/19 MP: 1/1
   237 | D:1      | Reached skill level 3 in Axes
   237 | D:1      | Reached XP level 2. HP: 23/27 MP: 2/2
   845 | D:2      | Noticed Sigmund
   850 | D:2      | Killed Sigmund
   851 | D:2      | Reached skill level 6 in Axes
   851 | D:2      | Reached XP level 3. HP: 33/33 MP: 3/3
   851 | D:2      | Reached XP level 4. HP: 40/40 MP: 4/4
   851 | D:2      | Reached XP level 5. HP: 46/46 MP: 5/5
   884 | D:2      | Found a faded altar of an unknown god.
   990 | D:2      | Noticed Natasha
   996 | D:2      | Killed Natasha
  1013 | D:2      | Noticed Robin
  1019 | D:2      | Killed Robin
  1020 | D:2      | Reached XP level 6. HP: 41/52 MP: 6/6
  1168 | D:2      | Noticed Natasha
  1174 | D:2      | Killed Natasha
  1175 | D:2      | Reached skill level 7 in Axes
  1614 | D:3      | Found a glowing drain.
  1625 | Sewer    | Entered a sewer
  2072 | Sewer    | Reached skill level 1 in Dodging
  2687 | D:3      | Identified the +4 plate armour of the Armadillo {-Tele rN+
                  | Stlth+}
  2921 | D:3      | You fall into a shaft and drop 3 floors!
  2926 | D:6      | Found a staircase to the Ecumenical Temple.
  2938 | D:6      | Reached skill level 8 in Axes
  2938 | D:6      | Reached XP level 7. HP: 59/60 MP: 7/7
  2952 | Temple   | Entered the Ecumenical Temple
  3395 | D:5      | Entered Level 5 of the Dungeon
  3409 | D:5      | Reached skill level 9 in Axes
  3514 | D:4      | Noticed Duvessa
  3514 | D:4      | Noticed Dowan
  3539 | D:4      | Killed Duvessa
  3540 | D:4      | Reached XP level 8. HP: 31/67 MP: 8/8
  3540 | D:4      | Killed Dowan
  3541 | D:4      | Reached skill level 5 in Fighting
  3541 | D:4      | Reached skill level 10 in Axes
  3990 | D:4      | Found a hazy altar of Hepliaklqana.
  4102 | D:3      | Got the Omnibus of Transformation and the Nimbus
  4107 | D:3      | Found a glowing silver altar of Zin.
  4356 | D:3      | Found a shimmering altar of Xom.
  4356 | D:3      | Found an ancient bone altar of Kikubaaqudgha.
  4356 | D:3      | Found an iron altar of Okawaru.
  4516 | D:4      | Found a one-way gate to the infinite horrors of the Abyss.
  4516 | D:4      | Noticed Daxter's ghost (weakling MiGl)
  4531 | D:4      | Found a transporter.
  4531 | D:4      | Found a transporter.
  4680 | D:4      | Noticed Edmund
  4693 | D:4      | Killed Edmund
  4916 | D:4      | Found a snail-covered altar of Cheibriados.
  4975 | D:4      | Found a runed translucent door.
  4976 | D:4      | Noticed Crazy Yiuf
  5077 | D:4      | Killed Crazy Yiuf
  5264 | D:5      | Reached skill level 11 in Axes
  5264 | D:5      | Reached skill level 5 in Armour
  5874 | D:5      | Reached XP level 9. HP: 67/75 MP: 9/9
  5990 | D:5      | Reached skill level 12 in Axes
  6180 | D:5      | Found a basalt altar of Yredelemnul.
  6212 | D:5      | Reached skill level 5 in Shields
  7173 | D:6      | Gained mutation: You are clumsy. (Dex -2) [potion of
                  | mutation]
  7173 | D:6      | Gained mutation: You are covered in fur. (AC +1) [potion of
                  | mutation]
  7424 | D:7      | Reached skill level 13 in Axes
  7590 | D:7      | Found a shimmering blue altar of Sif Muna.
  7748 | D:7      | Found Wareorri's Armour Boutique.
  7969 | D:7      | Identified the +0 buckler "Eczaproe" {Str+2}
  7993 | D:7      | Lost mutation: You are covered in fur. (AC +1) [potion of
                  | mutation]
  7993 | D:7      | Lost mutation: You are clumsy. (Dex -2) [potion of
                  | mutation]
  7993 | D:7      | Gained mutation: Your body sometimes deteriorates upon
                  | taking damage. [potion of mutation]
  7993 | D:7      | Gained mutation: You are dopey. (Int -2) [potion of
                  | mutation]
  7993 | D:7      | Lost mutation: You are dopey. (Int -2) [potion of mutation]
  8427 | D:8      | Got the Collected Works on Enchantment
  8438 | D:8      | Reached skill level 14 in Axes
  8438 | D:8      | Reached XP level 10. HP: 82/84 MP: 10/10
  8487 | D:8      | Noticed Pikel
  8495 | D:8      | Killed Pikel
  8725 | D:8      | Found a radiant altar of Vehumet.
  8771 | D:8      | Noticed a two-headed ogre
  8784 | D:8      | Killed a two-headed ogre
  8991 | D:8      | Reached skill level 15 in Axes
  9571 | D:9      | Reached skill level 1 in Stealth
 10002 | D:9      | Mangled by an efreet

Illustrated notes

Levels and vault maps discovered:
D:1:      evilmike_arrival_crescent, layout_rooms
D:2:      layout_rooms, ebering_ecumenical_altar_rust, uniq_robin, uniq_sigmund,
          uniq_natasha
D:3:      layout_loops_ring, lemuel_coloured_pillars_altar,
          gammafunk_temple_overflow_claw, serial_rivers,
          chequers_serial_rivers_large_b, chequers_serial_rivers_micro_d,
          chequers_serial_rivers_marsh, chequers_serial_rivers_marsh,
          portal_sewer_entry_d, minivault_25
D:4:      layout_rooms, lemuel_round_altar, cheibrodos_worm_habitat,
          gammafunk_ghost_abyssal_escape, minivault_4, uniq_crazy_yiuf_cottage,
          uniq_duvessa, uniq_edmund
D:5:      layout_layer_cave, lemuel_mausoleum_altar_yredelemnul, minmay_circle_x
D:6:      layout_loops_ring, minmay_temple_entry_glass,
          kennysheep_generic_room_5
D:7:      layout_loops_corners, nicolae_sif_muna_condensation, serial_shops,
          nicolae_shop_temple_entry_statues_fountains
D:8:      layout_cave_pools, lemuel_crystal_altar, serial_bayou_pond_e,
          uniq_pikel
D:9:      layout_basic, serial_shops, nicolae_shop_trees,
          lightli_fourway_metalbox
Temple:   hellmonk_temple_two_chambers

Skill      XL: |  1  2  3  4  5  6  7  8  9 10 |
---------------+-------------------------------+-----
Axes           | 3 6 8 9 11 14 15 | 15.6
Fighting       | 4 5 6 7 |  7.4
Armour         | 4 5 7 |  7.7
Dodging        | 1 |  1.5
Shields        | 4 5 |  5.7
Stealth        | 1 |  1.0
Evocations     | |  0.2

Action                   |  1- 3 |  4- 6 |  7- 9 | 10-12 || total
-------------------------+-------+-------+-------+-------++-------
Melee: War axe           |    53 |   144 |   337 |    90 ||   624
Evoke: Wand              |       |     3 |       |       ||     3
  Use: Scroll            |     3 |     7 |     5 |     1 ||    16
       Potion            |       |     1 |     9 |     7 ||    17
Armor: Scale mail        |    26 |    73 |       |       ||    99
       Plate armour      |       |    23 |   178 |    41 ||   242
Dodge: Dodged            |    27 |    93 |    86 |    11 ||   217
Block: Buckler           |     9 |    33 |    55 |       ||    97
       Kite shield       |       |       |     8 |    34 ||    42

Table legend: (Time is in decaauts)
 A = Elapsed time spent in this place.
 B = Non-inter-level travel time spent in this place.
 C = Inter-level travel time spent in this place.
 D = Time resting spent in this place.
 E = Time spent auto-exploring this place.
 F = Levels seen in this place.
 G = Mean time per level.
                   A        B        C        D        E       F      G
               +--------+--------+--------+--------+--------+-----+--------+
         Total |  10216 |   9592 |    624 |    333 |   7728 |  11 |  928.7 |
       Dungeon |   9000 |   8376 |    624 |    133 |   6942 |   9 | 1000.0 |
        Temple |     28 |     28 |      0 |      0 |     17 |   1 |   28.0 |
         Sewer |   1187 |   1187 |      0 |    200 |    768 |   1 | 1187.0 |
               +--------+--------+--------+--------+--------+-----+--------+

Top non-repeatable levels by time:
     D:5: 1479 daAuts
     D:4: 1241 daAuts
   Sewer: 1187 daAuts
     D:6: 1140 daAuts
     D:7: 1111 daAuts
     D:3: 948 daAuts
     D:8: 940 daAuts
     D:1: 783 daAuts
     D:2: 744 daAuts
     D:9: 610 daAuts
  Temple: 28 daAuts
